 Dungeon Crawl Stone Soup version 0.31.0-10-gcf4a605ca0 (webtiles) character file.

Game seed: 11935326459015064835

139 ymhsbmbesitwf the Trooper (level 5, -2/44 HPs)
             Began as a Barachi Hunter on Jan 25, 2024.
             Killed from afar by an orc wizard (6 damage)
             ... with a puff of flame
             ... on level 3 of the Dungeon.
             The game lasted 00:03:15 (1877 turns).

ymhsbmbesitwf the Trooper (Barachi Hunter)          Turns: 1877, Time: 00:03:15

Health: -2/44      AC:  3    Str: 13    XL:     5   Next: 22%
Magic:  5/5        EV: 12    Int:  9    God:
Gold:   55         SH:  0    Dex: 17    Spells: 4/4 levels left

rFire   . . .        a - +0 shortbow
rCold   . . .        (shield currently unavailable)
rNeg    . . .        c - +0 leather armour
rPois   .            (no helmet)
rElec   .            (no cloak)
rCorr   .            (no gloves)
SInv    .            (no boots)
Will    .....        (no amulet)
Stlth   +            (no ring)
HPRegen 0.27/turn    (no ring)
MPRegen 0.09/turn

%: no passive effects
@: confused, slow
A: amphibious, slowness 1, strong legs 1, +LOS
a: Hop


You were on level 3 of the Dungeon.
You visited 1 branch of the dungeon, and saw 3 of its levels.

You collected 55 gold pieces.

Inventory:

Hand Weapons
 a - a +0 shortbow (weapon)
Armour
 c - a +0 leather armour (worn)
 k - a +0 plate armour
Scrolls
 b - a scroll of butterflies
 d - a scroll of fear {unknown}
 e - a scroll of immolation {unknown}
 h - a scroll of enchant armour {unknown}
 j - a scroll of teleportation {unknown}
Potions
 f - a potion of curing {unknown}
 g - a potion of invisibility {unknown}
 i - 2 potions of ambrosia {unknown}
 l - a potion of resistance {unknown}


   Skills:
 * Level 5.3 Fighting
 - Level 4.0 Ranged Weapons
 + Level 3.1 Armour
 - Level 2.1 Dodging
 - Level 0.8 Stealth


You had 4 spell levels left.
You didn't know any spells.
Your spell library contained the following spells:

 Spells                   Type           Power      Damage    Failure   Level
 Magic Dart               Conj           0%         1d3       45%         1
 Blink                    Tloc           0%         N/A       61%         2
 Call Imp                 Summ           0%         N/A       61%         2
 Conjure Ball Lightning   Conj/Air       0%         3x3d6     100%        6
 Discord                  Hex            0%         N/A       100%        8
 Disjunction              Tloc           0%         N/A       100%        8


Dungeon Overview and Level Annotations

Branches:
Dungeon (3/15)

Altars:


Innate Abilities, Weirdness & Mutations

You are amphibious.
You cover ground slowly.
You can hop short distances.
You have an extended range of vision and can be seen from far away.


Message History

Fire: a) +0 shortbow
Press: ? - help, Shift-Dir - straight line, f - you Really target yourself?
You aren't carrying any items that you can evoke.
Fire: a) +0 shortbow
Press: ? - help, Shift-Dir - straight line, f - you You shoot an arrow.
Something hits you but does no damage.
Fire: a) +0 shortbow
Press: ? - help, Shift-Dir - straight line, f - you You shoot an arrow.
Something hits you but does no damage.
Fire: a) +0 shortbow
Press: ? - help, Shift-Dir - straight line, f - you You shoot an arrow.
Something hits you but does no damage. Something hits you.
Fire: a) +0 shortbow
Press: ? - help, Shift-Dir - straight line, f - you You shoot an arrow.
Something hits you.
Fire: a) +0 shortbow
Press: ? - help, Shift-Dir - straight line, f - you You shoot an arrow.
Something hits you.
Fire: a) +0 shortbow
Press: ? - help, Shift-Dir - straight line, f - you You shoot an arrow.
Something hits you.
* * * LOW HITPOINT WARNING * * *
Fire: a) +0 shortbow
Press: ? - help, Shift-Dir - straight line, f - you You shoot an arrow.
Something hits you.
* * * LOW HITPOINT WARNING * * *
You hear some strange, mumbled words.
You are confused.
You shoot an arrow. Something hits you.
* * * LOW HITPOINT WARNING * * *
There is a strange disturbance nearby!
You shoot an arrow. Something hits you.
* * * LOW HITPOINT WARNING * * *
There is a strange disturbance nearby!
Unknown command.
You hear some strange, mumbled words.
A puff of flame appears from out of thin air!
The puff of flame hits you.
You die...

########†# ...
#.######### ###
#.........#
#..######.#
#..##..#### #.#
#.........# #.#
##.##..##.###.##
# #>.##......###
#.......†...@.{)#
####..#.......#)#
#..........#)#
#...........#.#
#..#......###.#
#..#.#....# .#
#......#.## .# #
##.###.# .. #. ..
##


There were no monsters in sight!

Vanquished Creatures
  A bombardier beetle (D:3)
  5 adders
  A dart slug (D:1)
  3 orcs (D:3)
  8 ball pythons
  6 endoplasms
  4 giant cockroaches
  8 goblins
  A hobgoblin (D:2)
  3 quokkas
  6 bats
  3 frilled lizards
  2 rats (D:1)
51 creatures vanquished.

Notes
Turn   | Place    | Note
-------+----------+-------------------------------------------
     0 | D:1      | ymhsbmbesitwf the Barachi Hunter began the quest for the
                  | Orb.
     0 | D:1      | Reached XP level 1. HP: 17/17 MP: 1/1
    19 | D:1      | Reached skill level 3 in Fighting
    19 | D:1      | Reached XP level 2. HP: 24/24 MP: 2/2
    25 | D:1      | Reached skill level 1 in Armour
   663 | D:2      | Reached XP level 3. HP: 30/30 MP: 3/3
   804 | D:2      | Reached skill level 4 in Fighting
   929 | D:2      | Reached XP level 4. HP: 37/37 MP: 4/4
  1206 | D:2      | Found a faded altar of an unknown god.
  1559 | D:3      | Reached skill level 5 in Fighting
  1657 | D:3      | Reached XP level 5. HP: 44/44 MP: 5/5
  1877 | D:3      | Killed from afar by an orc wizard

Illustrated notes

Levels and vault maps discovered:
D:1:      dpeg_arrival_pits, layout_basic
D:2:      layout_loops_ring, shapermc_ecumenical_altar_mp_vishouse,
          chequers_garden, minmay_misc_feat_secret_circle, st_stairs_6
D:3:      layout_loops_ring, mainiacjoe_overflow_tiny_flanked

Skill      XL: |  1  2  3  4 |
---------------+-------------+-----
Fighting       | 3 4 5 |  5.3
Armour         | 1 2 3 |  3.1
Ranged Weapons | |  4.0
Dodging        | |  2.1
Stealth        | |  0.8

Action                     |  1- 3 |  4- 6 || total
---------------------------+-------+-------++-------
   Fire: Shortbow          |    92 |   101 ||   193
 Armour: Leather armour    |    21 |    54 ||    75
  Dodge: Dodged            |    30 |    32 ||    62
